 Dungeon Crawl Stone Soup version 0.29.0-7-g18a832c13a (webtiles) character file.

Game seed: 14402138024684631415

11169 LabCoat the Severer (level 11, 0/93 HPs)
             Began as a Hill Orc Fighter on Aug 31, 2022.
             Was a Believer of Trog.
             Slain by an eight-headed hydra (3 damage)
             ... on level 2 of the Lair of Beasts.
             The game lasted 00:39:46 (11910 turns).

LabCoat the Severer (Hill Orc Fighter)             Turns: 11910, Time: 00:39:47

Health: 0/93       AC: 18    Str: 24    XL:     11   Next: 73%
Magic:  0/11       EV:  7    Int: 12    God:    Trog [**....]
Gold:   435        SH:  5    Dex: 10    Spells: 10/10 levels left

rFire   + . .      SeeInvis .   a - +0 war axe (protect)
rCold   . . .      Faith    .   c - +0 buckler
rNeg    . . .      Spirit   +   w - +0 plate armour
rPois   .          Reflect  .   K - +0 helmet
rElec   +          Harm     .   (no cloak)
rCorr   .          Rampage  .   k - +0 pair of gloves
Will    +....                   (no boots)
Stlth   ..........              C - amulet of guardian spirit
HPRegen 0.25/turn               x - ring of willpower
MPRegen 0.12/turn               F - ring "Puthrifoh" {rElec rF+ Int+4}

@: studying Armour
A: no striking features
a: Renounce Religion, Berserk, Trog's Hand


You were on level 2 of the Lair of Beasts.
You worshipped Trog.
Trog was pleased with you.
You visited 3 branches of the dungeon, and saw 11 of its levels.

You collected 529 gold pieces.
You spent 94 gold pieces at shops.

Inventory:

Hand Weapons
 a - a +0 war axe of protection (weapon)
 i - a +2 flail of protection
 l - a +2 whip of electrocution
 p - the +2 whip of Certain Death {drain, Dex+3}
   (You found it on level 3 of the Dungeon)

   A truly terrible weapon, it drains the life of any living foe it strikes.
   Dex:       It affects your dexterity (+3).
 J - a +3 mace
Missiles
 e - 28 poisoned darts (quivered)
 q - 2 datura-tipped darts
 z - 9 boomerangs
Armour
 c - a +0 buckler (worn)
 k - a +0 pair of gloves (worn)
 v - a +0 tower shield
 w - a +0 plate armour (worn)
 K - a +0 helmet (worn)
Jewellery
 b - a ring of resist corrosion
 n - an amulet of faith
 x - a ring of willpower (left hand)
 y - an amulet of the acrobat
 C - an amulet of guardian spirit (around neck)
 F - the ring "Puthrifoh" (right hand) {rElec rF+ Int+4}
   (You acquired it on level 1 of the Lair of Beasts)

   [ring of protection from fire]

   Int:       It affects your intelligence (+4).
   rF:        It protects you from fire.
   rElec:     It insulates you from electricity.
Wands
 E - a wand of flame (2)
Scrolls
 g - 5 scrolls of teleportation
 h - 3 scrolls of enchant armour
 j - 3 scrolls of magic mapping
 o - a scroll of poison
 A - a scroll of silence
 G - a scroll of fog
Potions
 d - 3 potions of might
 m - 7 potions of curing
 r - a potion of cancellation
 s - a potion of lignification
 t - 4 potions of haste
 u - 2 potions of resistance
 B - a potion of brilliance


   Skills:
 + Level 7.6 Fighting
 * Level 16.4 Axes
 + Level 2.1(9.3) Maces & Flails
 + Level 4.1 Throwing
 + Level 12.3 Armour
 + Level 1.3 Dodging
 * Level 7.5 Shields
 + Level 2.7 Evocations


You had 10 spell levels left.
You didn't know any spells.
Your spell library contained the following spells:

 Spells                   Type           Power      Damage    Failure   Level
 Scorch                   Fire           0%         2d5       99%         2
 Ignite Poison            Fire/Tmut/Pois 0%         N/A       100%        3
 Inner Flame              Hex/Fire       0%         N/A       100%        3
 Mephitic Cloud           Conj/Pois/Air  0%         N/A       100%        3
 Cause Fear               Hex            0%         N/A       100%        4
 Flame Wave               Conj/Fire      0%         2d4       100%        4
 Freezing Cloud           Conj/Ice/Air   0%         6-21      100%        5
 Summon Cactus Giant      Summ           0%         N/A       100%        6
 Discord                  Hex            0%         N/A       100%        8


Dungeon Overview and Level Annotations

Branches:
Dungeon (8/15)             Temple (1/1) D:4            Lair (2/5) D:8
  Swamp: Lair:2-3    Shoals: Lair:2-3     Snake: Lair:2-3    Spider: Lair:2-3

Altars:
Ashenzari
Cheibriados
Dithmenos
Elyvilon
Fedhas
Gozag
Hepliaklqana
Kikubaaqudgha
Makhleb
Nemelex Xobeh
Okawaru
Qazlal
Ru
Sif Muna
Trog
Uskayaw
Vehumet
Wu Jian
Xom
Yredelemnul
Zin
The Shining One

Shops:
D:3 =   D:8 [

Annotations:
Lair:1 3 runed translucent doors, bworf's ghost, journeyman HOFi; kalagan's ghost, journeyman DECj


Message History

You feel extremely sick.
The black mamba attacks as you move away!
The black mamba bites you but does no damage.
* * * LOW HITPOINT WARNING * * *
You feel very sick. The black mamba barely misses you.
There is a stone staircase leading down here.
As you read the scroll of fear, it crumbles to dust.
You assume a fearsome visage.
The eight-headed hydra easily resists.
The bullfrog looks frightened!
The five-headed hydra easily resists.
The black mamba looks frightened!
You feel very sick. The eight-headed hydra bites you.
* * * LOW HITPOINT WARNING * * *
The eight-headed hydra bites you but does no damage.
You block the eight-headed hydra's attack.
The eight-headed hydra bites you.
* * * LOW HITPOINT WARNING * * *
The eight-headed hydra bites you.
* * * LOW HITPOINT WARNING * * *
The eight-headed hydra bites you but does no damage.
You block the eight-headed hydra's attack.
The eight-headed hydra bites you.
* * * LOW HITPOINT WARNING * * *
You feel better.
The eight-headed hydra bites you but does no damage.
The eight-headed hydra closely misses you.
You block the eight-headed hydra's attack.
The eight-headed hydra bites you!
* * * LOW HITPOINT WARNING * * *
The eight-headed hydra closely misses you.
The eight-headed hydra bites you!
* * * LOW HITPOINT WARNING * * *
You block the eight-headed hydra's attack.
The eight-headed hydra bites you but does no damage.
A four-headed hydra comes into view.
The four-headed hydra roars!
You block the eight-headed hydra's attack.
The eight-headed hydra bites you.
You die...

....##
##......÷.##....#
.....#
#......÷.##....##
.....#
#..÷...........#
....##
#..............#
.....#
#..............#
....##
##...>.......### ##
....#
##......P....##..##
....#
#.###(.#.PS...P....
...##
####.@...#.........
#....DD..####.....
#.....8....# #....
#....#..##.$.# ....
#...#######...# ...
...# ##.... .# ...
...## .. ..D..
....8


You could see an eight-headed hydra, a five-headed hydra, a four-headed hydra
and a black mamba (fleeing).

Vanquished Creatures
  A boulder beetle (Lair:2)
  3 black mambas
  2 cane toads
  A komodo dragon (D:8)
  A meliai (D:8)
  Grinder (D:3)
  13 blink frogs
  Sigmund (D:3)
  3 basilisks
  2 yaks (D:8)
  A wyvern (D:8)
  A steam dragon (D:8)
  A golden eye (Lair:1)
  4 water moccasins
  A swamp drake (Lair:1)
  2 ice beasts
  3 black bears
  2 sky beasts
  3 orc warriors
  4 ogres
  9 wolves (Lair:1)
  7 centaurs
  Blork the orc (D:4)
  11 bullfrogs
  2 kobold brigands (D:7)
  3 howler monkeys
  A gnoll bouda (D:6)
  2 orc priests
  2 hounds
  2 jellies (D:6)
  Jessica (D:3)
  3 iguanas
  Terence (D:3)
  Ijyb (D:4)
  An orc wizard (D:6)
  10 gnolls
  6 adders
  5 worms
  3 dart slugs
  15 orcs
  4 endoplasms
  2 giant cockroaches
  9 hobgoblins
  5 jackals
  2 quokkas
  3 ball pythons
  4 bats
  5 frilled lizards
  5 goblins
  19 kobolds
  8 rats
202 creatures vanquished.

Vanquished Creatures (others)
  A yak (D:8)
  10 fungi
  11 plants
22 creatures vanquished.

Grand Total: 224 creatures vanquished

Notes
Turn   | Place    | Note
-------+----------+-------------------------------------------
     0 | D:1      | LabCoat the Hill Orc Fighter began the quest for the Orb.
     0 | D:1      | Reached XP level 1. HP: 19/19 MP: 1/1
   417 | D:1      | Reached XP level 2. HP: 23/27 MP: 2/2
   538 | D:1      | Reached skill level 3 in Axes
   870 | D:1      | Reached XP level 3. HP: 28/33 MP: 3/3
   956 | D:2      | Found a shimmering blue altar of Sif Muna.
   961 | D:2      | Reached skill level 4 in Axes
  1112 | D:2      | Reached XP level 4. HP: 19/40 MP: 4/4
  1541 | D:2      | Reached skill level 5 in Axes
  1628 | D:2      | Found a faded altar of an unknown god.
  1668 | D:2      | Reached XP level 5. HP: 44/46 MP: 5/5
  2110 | D:3      | Noticed Jessica
  2116 | D:3      | Killed Jessica
  2178 | D:3      | Noticed Sigmund
  2215 | D:3      | Killed Sigmund
  2216 | D:3      | Reached skill level 7 in Axes
  2216 | D:3      | Reached skill level 1 in Throwing
  2216 | D:3      | Reached XP level 6. HP: 17/53 MP: 6/6
  2446 | D:3      | Noticed Terence
  2459 | D:3      | Killed Terence
  2601 | D:3      | Found Vewabbur's Jewellery Emporium.
  2864 | D:3      | Noticed Grinder
  2869 | D:3      | Identified the +2 whip of Certain Death {drain, Dex+3}
  2879 | D:3      | Paralysed by Grinder for 2 turns
  2894 | D:3      | Killed Grinder
  2895 | D:3      | Reached skill level 8 in Axes
  2895 | D:3      | Reached skill level 1 in Maces & Flails
  2895 | D:3      | Reached XP level 7. HP: 34/60 MP: 7/7
  3211 | D:3      | Found a radiant altar of Vehumet.
  3365 | D:4      | Noticed Ijyb
  3373 | D:4      | Killed Ijyb
  3431 | D:4      | Found a staircase to the Ecumenical Temple.
  3438 | Temple   | Entered the Ecumenical Temple
  3450 | Temple   | Became a worshipper of Trog the Wrathful
  3504 | D:4      | Noticed Blork the orc
  3517 | D:4      | Killed Blork the orc
  3518 | D:4      | Reached skill level 5 in Armour
  3904 | D:4      | Reached skill level 9 in Axes
  3904 | D:4      | Reached XP level 8. HP: 67/67 MP: 8/8
  4152 | D:4      | You fall into a shaft and drop 3 floors!
  4167 | D:7      | Reached skill level 5 in Fighting
  4377 | D:7      | Reached skill level 10 in Axes
  4378 | D:7      | Reached * piety under Trog
  4935 | D:6      | Reached skill level 11 in Axes
  5006 | D:6      | Reached XP level 9. HP: 74/74 MP: 9/9
  5054 | D:6      | Found an opulent altar of Gozag.
  5161 | D:6      | Reached skill level 1 in Evocations
  5553 | D:6      | Reached skill level 1 in Dodging
  5677 | D:5      | Entered Level 5 of the Dungeon
  5773 | D:5      | Reached skill level 12 in Axes
  5914 | D:5      | Found a white marble altar of Elyvilon.
  6529 | D:6      | Reached ** piety under Trog
  7369 | D:7      | Found a glowing silver altar of Zin.
  7370 | D:7      | Noticed an angel
  7724 | D:8      | Reached skill level 5 in Shields
  8033 | D:8      | Found a staircase to the Lair.
  8034 | D:8      | Noticed a komodo dragon
  8055 | D:8      | Killed a komodo dragon
  8056 | D:8      | Reached skill level 13 in Axes
  8056 | D:8      | Reached XP level 10. HP: 83/83 MP: 10/10
  8174 | D:8      | Found a stormy altar of Qazlal.
  8378 | D:8      | Found a blossoming altar of Fedhas.
  8378 | D:8      | Found a burning altar of Makhleb.
  8446 | D:8      | Found Cucec's Antique Armour Shop.
  8454 | D:8      | Bought a helmet for 94 gold pieces
  9035 | Lair:1   | Entered Level 1 of the Lair of Beasts
  9149 | Lair:1   | Reached skill level 14 in Axes
  9200 | Lair:1   | Reached skill level 10 in Armour
  9428 | Lair:1   | Noticed a black mamba
  9444 | Lair:1   | Killed a black mamba
  9562 | Lair:1   | Reached skill level 15 in Axes
  9851 | Lair:1   | Noticed a cane toad
  9866 | Lair:1   | Killed a cane toad
  9867 | Lair:1   | Reached XP level 11. HP: 69/91 MP: 11/11
 10695 | Lair:1   | Identified a scroll of acquirement
 10696 | Lair:1   | Acquired the ring "Puthrifoh" {rElec rF+ Int+4}
 10825 | Lair:1   | Found a glowing golden altar of the Shining One.
 11147 | Lair:1   | Found a runed translucent gate.
 11148 | Lair:1   | Found a runed translucent gate.
 11149 | Lair:1   | Found a runed translucent gate.
 11150 | Lair:1   | Noticed kalagan's ghost (journeyman DECj)
 11150 | Lair:1   | Noticed bworf's ghost (journeyman HOFi)
 11509 | Lair:2   | Reached skill level 16 in Axes
 11819 | Lair:2   | Noticed a boulder beetle
 11859 | Lair:2   | Killed a boulder beetle
 11901 | Lair:2   | Noticed an eight-headed hydra
 11901 | Lair:2   | Noticed a five-headed hydra
 11909 | Lair:2   | HP: 3/93 [eight-headed hydra (6)]
 11909 | Lair:2   | Noticed a four-headed hydra
 11910 | Lair:2   | Slain by an eight-headed hydra

Illustrated notes

Levels and vault maps discovered:
D:1:      nzn_arrival_water_spiral, layout_basic
D:2:      layout_basic, chequers_ecumenical_altar_simple, basic_altar
D:3:      layout_basic, lemuel_doored_altar, serial_shops, shop_fountains,
          serial_corexii_hall, corexii_hall_statues_u, corexii_hall_statues_l,
          corexii_hall_statues_i, corexii_hall_statues_l,
          corexii_hall_statues_l, chequers_hall_statues_y, uniq_sigmund,
          uniq_terence, uniq_grinder, uniq_jessica
D:4:      layout_basic, minmay_temple_entry_tees, uniq_blork_the_orc, uniq_ijyb
D:5:      layout_cave_pools, mainiacjoe_overflow_24_doors, kennysheep_donut
D:6:      layout_basic, grunt_gozag_breadcrumbs, serial_curves, eino_curves_01,
          eino_curves_04
D:7:      layout_gridville, zin_angel, serial_rivers,
          chequers_serial_rivers_room_a, chequers_serial_rivers_micro_d,
          chequers_serial_rivers_micro_e, chequers_serial_rivers_room_b,
          chequers_serial_rivers_micro_e, minivault_1, grunt_ministairs_15
D:8:      layout_loops_corners, mainiacjoe_overflow_paths,
          nicolae_overflow_two_pavilions, david_lair_shrubbed, serial_shops,
          shop
Temple:   hellmonk_temple_of_storms
Lair:1:   layout_regular_city, gammafunk_ghost_cemetery, lemuel_centaur_altar,
          serial_bayou_shore_a
Lair:2:   layout_gridlike, grunt_megastairs_5, infiniplex_staircase_pool

Skill      XL: |  1  2  3  4  5  6  7  8  9 10 11 |
---------------+----------------------------------+-----
Axes           | 3 4 5 7 8 9 11 13 15 16 | 16.4
Fighting       | 4 5 6 7 |  7.6
Armour         | 4 5 6 9 10 12 | 12.3
Throwing       | 1 2 3 4 |  4.1
Maces & Flails | 1 2 |  2.1
Shields        | 4 5 6 7 |  7.5
Evocations     | 1 2 |  2.7
Dodging        | 1 |  1.3

Action                   |  1- 3 |  4- 6 |  7- 9 | 10-12 || total
-------------------------+-------+-------+-------+-------++-------
Melee: War axe           |    91 |   111 |   263 |   346 ||   811
       Whip              |       |    21 |     1 |       ||    22
Throw: Dart              |     5 |    18 |    48 |    46 ||   117
Invok: Berserk           |       |       |     1 |     3 ||     4
Evoke: Wand              |       |       |    31 |    18 ||    49
  Use: Scroll            |     4 |     5 |     7 |     8 ||    24
       Potion            |       |       |     2 |     5 ||     7
 Stab: Confused          |       |       |       |     1 ||     1
Armor: Scale mail        |    49 |    18 |       |       ||    67
       Chain mail        |       |    70 |    82 |       ||   152
       Plate armour      |       |       |    43 |   242 ||   285
Dodge: Dodged            |    65 |    31 |   113 |   114 ||   323
Block: Buckler           |    25 |    24 |    50 |    85 ||   184
